 Dungeon Crawl Stone Soup version 0.19-a0-1091-g463c9de (webtiles) character file.

2390 aronpayne the Fighter (level 9, -10/75 HPs)
             Began as a Formicid Fighter on Aug 7, 2016.
             Was a Follower of Okawaru.
             Mangled by an orc warrior
             ... wielding a +0 glaive
              (16 damage)
             ... on level 6 of the Dungeon.
             The game lasted 00:25:12 (6600 turns).

aronpayne the Fighter (Formicid Fighter)            Turns: 6600, Time: 00:25:13

Health: -10/75     AC: 12    Str: 24    XL:     9   Next: 74%
Magic:  0/9        EV:  8    Int:  8    God:    Okawaru [*.....]
Gold:   169        SH: 12    Dex: 10    Spells: 0 memorised, 8 levels left

rFire  . . .     SeeInvis +     I - +2 great sword (holy)
rCold  . . .     Gourm    .     C - +0 plate armour
rNeg   . . .     Faith    .     c - +1 shield
rPois  .         Spirit   +     (helmet unavailable)
rElec  .         Dismiss  .     (no cloak)
rCorr  .         Reflect  .     (no gloves)
SustAt .         Harm     .     (no boots)
MR     .....                    D - amulet of guardian spirit
Stlth  ..........               (no ring)
                                (no ring)

@:
A: permanent stasis, dig shafts and tunnels, four strong arms, antennae 3
a: Dig, Shaft Self, Heroism, Renounce Religion


You were on level 6 of the Dungeon.
You worshipped Okawaru.
Okawaru was aware of your devotion.
You were hungry.

You visited 2 branches of the dungeon, and saw 7 of its levels.

You collected 338 gold pieces.
You spent 169 gold pieces at shops.

Inventory:

Hand Weapons
 a - a +0 flail of draining
 d - a +0 blowgun
 e - a +0 halberd of flaming
 r - a +4 vampiric falchion
 v - a +2 whip of freezing
 E - the +7 sceptre of Torment
   (You found it on level 5 of the Dungeon)
 I - a +2 great sword of holy wrath (weapon)
Missiles
 o - 50 poisoned needles
Armour
 c - a +1 shield (worn)
 C - a +0 plate armour (worn)
Jewellery
 x - a cursed -2 ring of strength {unknown}
 D - an amulet of guardian spirit (around neck)
Wands
 i - a wand of lightning (8/15)
Scrolls
 b - a scroll of random uselessness {unknown}
 l - 2 scrolls of amnesia
 s - a scroll of remove curse
 F - a scroll of teleportation {unknown}
 H - a scroll of recharging
Potions
 g - 3 potions of lignification
 h - a potion of flight {unknown}
 j - 3 potions of curing
 k - a potion of resistance {unknown}
 m - 3 potions of haste {unknown}
 u - a potion of agility {unknown}
 A - a potion of brilliance {unknown}
Comestibles
 f - 8 fruits
 n - a meat ration
 p - a slice of pizza
 q - 4 chunks of flesh
 t - a beef jerky
 w - 3 bread rations


   Skills:
 * Level 8.4 Fighting
 - Level 4.2 Long Blades
 - Level 2.6(3.0) Maces & Flails
 * Level 2.2(2.8) Staves
 + Level 6.4 Armour
 + Level 4.3 Dodging
 + Level 7.0 Shields


You had 8 spell levels left.
You didn't know any spells.

Dungeon Overview and Level Annotations

Branches:
Dungeon (6/15)             Temple (1/1) D:5

Altars:
Ashenzari
Cheibriados
Dithmenos
Elyvilon
Fedhas
Gozag
Hepliaklqana
Kikubaaqudgha
Makhleb
Nemelex Xobeh
Okawaru
Pakellas
Qazlal
Ru
Sif Muna
Trog
Uskayaw
Vehumet
Xom
Yredelemnul
Zin
The Shining One

Shops:
D:5 (


Innate Abilities, Weirdness & Mutations

You are under a permanent stasis effect.
You can dig through walls and to a lower floor.
Your four strong arms can wield two-handed weapons with a shield.
You have a pair of large antennae on your head. (SInv)


Message History

* * * LOW HITPOINT WARNING * * *
You block the orc wizard's attack.
There is an open door, spattered with blood here.
Things that are here:
a flail; a leather armour; an orc corpse You hit the orc warrior.
The orc warrior is almost dead.
The orc wizard hits you but does no damage.
You block the orc's attack. The orc warrior hits you with a glaive!
* * * LOW HITPOINT WARNING * * *
The orc wizard hits you but does no damage.
Unknown command.
You hit the orc warrior but do no damage.
The orc warrior is almost dead.
The orc hits you but does no damage. The orc wizard closely misses you.
You riposte.
You slash the orc wizard!
You kill the orc wizard!
Okawaru accepts your kill. The orc warrior hits you with a glaive!
You die...

#...#.............####.
###...###########.......=
#...........# #........
#...........+ #........
###...##)..## #........
######...## ###.....#
#....# #.....# #o...#
#.....# ##@#### #.)...#
#.o).############..
#....#..........#..
#....#..........#..
#....#..##)######..
#....####..........
#....# #.......... #....#
#.......... ######....#
#..........


You could see an orc warrior and an orc.

Vanquished Creatures
  Pikel (D:5)
  Menkaure (D:5)
  Edmund (D:6)
  A water moccasin (D:5)
  An orc warrior (D:5)
  4 slaves (D:5)
  2 phantoms (D:5)
  2 centaurs
  An ogre (D:6)
  A big kobold (D:4)
  A scorpion (D:5)
  3 wights (D:6)
  3 crimson imps
  A hound (D:4)
  A jelly (D:5)
  2 orc priests
  7 orc wizards
  An iguana (D:4)
  7 worker ants
  A hound zombie (D:5)
  2 hound skeletons
  4 gnolls (D:5)
  7 adders
  3 adder skeletons
  A worm (D:2)
  3 dart slugs
  4 giant geckos
  14 orcs
  3 giant cockroaches
  6 hobgoblins
  9 jackals
  A quokka (D:5)
  4 bats
  3 giant newts
  9 goblins
  A jackal skeleton (D:5)
  23 kobolds
  6 rats
  A plant (D:4)
146 creatures vanquished.

Vanquished Creatures (others)
  A boulder beetle (D:2)
1 creature vanquished.

Grand Total: 147 creatures vanquished

Notes
Turn   | Place    | Note
-------+----------+-------------------------------------------
     0 | D:1      | aronpayne the Formicid Fighter began the quest for the Orb.
     0 | D:1      | Reached XP level 1. HP: 18/18 MP: 1/1
   442 | D:1      | Reached XP level 2. HP: 14/24 MP: 2/2
   972 | D:2      | Reached XP level 3. HP: 6/30 MP: 3/3
  1740 | D:2      | Reached XP level 4. HP: 29/37 MP: 4/4
  1769 | D:2      | Found an oddly glowing altar of Pakellas.
  1770 | D:2      | Noticed a boulder beetle
  1782 | D:2      | Killed a boulder beetle
  1849 | D:3      | Reached skill level 4 in Fighting
  1963 | D:3      | Reached skill level 1 in Dodging
  1963 | D:3      | Reached XP level 5. HP: 36/42 MP: 5/5
  2567 | D:3      | Found an ancient bone altar of Kikubaaqudgha.
  3015 | D:4      | Reached skill level 1 in Long Blades
  3025 | D:4      | Reached XP level 6. HP: 36/49 MP: 6/6
  3096 | D:4      | Reached skill level 5 in Fighting
  3304 | D:4      | Found a snail-covered altar of Cheibriados.
  3432 | D:4      | Found a hide-covered altar of Uskayaw.
  3592 | D:4      | Reached skill level 5 in Shields
  3597 | D:4      | Reached XP level 7. HP: 16/56 MP: 7/7
  4273 | D:5      | Entered Level 5 of the Dungeon
  4428 | D:5      | Noticed Menkaure
  4428 | D:5      | Noticed Pikel
  4450 | D:5      | HP: 4/85 [Menkaure (10)]
  4454 | D:5      | Killed Menkaure
  4454 | D:5      | Reached skill level 6 in Fighting
  4454 | D:5      | Reached XP level 8. HP: 5/64 MP: 8/8
  4979 | D:5      | Killed Pikel
  4979 | D:5      | Reached skill level 7 in Fighting
  4979 | D:5      | Reached skill level 5 in Armour
  5028 | D:5      | Reached XP level 9. HP: 50/72 MP: 9/9
  5828 | D:5      | Found Wualalui's Antique Weapon Emporium.
  5828 | D:5      | Found a staircase to the Ecumenical Temple.
  5832 | D:5      | Bought a runed great sword for 169 gold pieces
  5843 | Temple   | Entered the Ecumenical Temple
  5959 | Temple   | Became a worshipper of Warmaster Okawaru
  6177 | D:6      | Reached skill level 8 in Fighting
  6240 | D:6      | Reached skill level 1 in Staves
  6543 | D:6      | Noticed Edmund
  6557 | D:6      | Killed Edmund
  6557 | D:6      | Reached * piety under Okawaru
  6600 | D:6      | Mangled by an orc warrior

Vault maps used:
D:1:      roderic_dead_forest, hangedman_decor_lopped,
          minmay_misc_feat_secret_circle, minmay_misc_feat_nine_boxes,
          bh_walls_and_bars
D:2:      gammafunk_pakellas_spire_experiment
D:3:      lemuel_tele_altar
D:4:      kennysheep_kobold_camp, eat_drink_and_be_merry_uskayaw,
          cheibriados_altar_1
D:5:      kennysheep_windowed_halls, serial_shops, shop, first_bread,
          roderic_bali_sauvastika, due_unseen_surprise, uniq_menkaure,
          uniq_pikel
D:6:      uniq_edmund
Temple:   kilobyte_greek_temple

Skill      XL: |  1  2  3  4  5  6  7  8  9 |
---------------+----------------------------+-----
Shields        | 4 5 6 7 |  7.0
Fighting       | 4 5 6 7 8 |  8.4
Dodging        | 1 2 3 4 |  4.3
Armour         | 4 5 6 |  6.4
Long Blades    | 1 2 3 4 |  4.2
Staves         | 2 |  2.2
Maces & Flails | |  2.6

Action                   |  1- 3 |  4- 6 |  7- 9 || total
-------------------------+-------+-------+-------++-------
Melee: Flail             |   115 |    64 |       ||   179
       Falchion          |       |   126 |   271 ||   397
       Great sword       |       |       |    62 ||    62
       Halberd           |       |       |     7 ||     7
       Whip              |       |       |     4 ||     4
       Staff             |       |       |     4 ||     4
 Abil: Dig               |     2 |     1 |     1 ||     4
  Use: Potion            |     1 |     2 |     3 ||     6
       Scroll            |       |     8 |     7 ||    15
  Eat: Chunk             |     3 |     6 |    10 ||    19
       Bread ration      |       |     1 |       ||     1
Armor: Scale mail        |    50 |    67 |    54 ||   171
       Skin              |       |       |     5 ||     5
       Plate armour      |       |       |    23 ||    23
Dodge: Dodged            |    42 |    54 |    85 ||   181
Block: Shield            |    71 |    91 |   179 ||   341
